Cogmind - Beta 14 @@@ ROGUE MODE // 2024.09.14 @ 04:48:27 Player: Zaros426 Result: Destroyed by S-27 Virus with Autogun Performance ------------- Evolutions (4) 2000 Regions Visited (13) 2600 Robots Destroyed (226) 1130 Value Destroyed (7643) 7643 Prototype IDs (35) 700 Alien Tech Used (0) 0 Bonus (3701) 3701 TOTAL SCORE: 17774 Bonus ------- High Alert Combat Kills 1126 Follower Combat Kills 215 Entered Garrisons 600 Used RIF Installer 1500 Aligned with FarCom 300 Friendly Fire -40 Cogmind --------- Core Integrity 0/850 Matter 300/300 Energy 100/100 System Corruption 7% Temperature Cool (0) Movement Core (50) Location -6/Factory Parts ------- > --- POWER (1) -------- (None) > --- PROPULSION (4) --- (None) > --- UTILITY (4) ------ Advanced Signal Interpreter Relay Coupler [NC] (23) Relay Coupler [Heavy] (13) > --- WEAPON (6) ------- (None) > --- INVENTORY (5) ---- Huge Storage Unit Superbattery (1500) Skeleton Box Remote Datajack Plasma Cutter Peak State ------------ > --- POWER ------------ Cooled Ion Engine > --- PROPULSION ------- Light Treads Light Treads Advanced Treads Carbon-fiber Leg > --- UTILITY ---------- Improved Cooling System High-capacity Storage Unit Medium Reactive Plating Improved Hardlight Generator > --- WEAPON ----------- Gauss Rifle Gauss Rifle Heavy Machine Gun Antimatter Cannon Antimatter Cannon Powered Hammer > --- INVENTORY -------- Cooled Ion Engine Angular Momentum Engine Angular Momentum Engine Huge Storage Unit Superbattery High-capacity Matter Pod Structural Scanner Core Analyzer Kinecellerator Relay Coupler [NC] Relay Coupler [Heavy] Skeleton Box Improved System Restoration Module Improved System Restoration Module Recalibrator Guided Plasma Cannon Heavy Machine Gun Advanced Assault Cannon Remote Datajack Plasma Cutter [Rating: 62] Favorites ----------- Power Reinforced Ion Engine Engine Reinforced Ion Engine Power Core Light Nuclear Core Propulsion Armored Treads Treads Armored Treads Leg Aluminum Leg Wheel Compact Wheel Utility High-capacity Storage Unit Device Cooling System Storage High-capacity Storage Unit Processor Targeting Computer Hackware Relay Coupler [Hunter] Protection Medium Reactive Plating Weapon Assault Cannon Energy Gun Heavy EM Pulse Gun Energy Cannon EM Pulse Cannon Ballistic Gun Heavy Assault Rifle Ballistic Cannon Assault Cannon Launcher Grenade Launcher Special Weapon Remote Datajack Impact Weapon Powered Hammer Build | -11 -10 -10 -9 -9 -9 -8 -8 -8 -8 -8 -7 -7 -6 ------- Run | Yrd Mat Min Mat Min Exi Min Mat Gar Mat Gar Fac Gar Fac Slots Evolved 8 | . . . 2 . . . 2 . . . 2 . 2 Power . | . . . . . . . . . . . . . . Propulsion 2 | . . . . . . . 2 . . . . . . Utility 2 | . . . . . . . . . . . 2 . . Weapon 4 | . . . 2 . . . . . . . . . 2 Parts Attached 214 | 6 10 . 37 2 . 2 7 14 1 19 34 15 67 Power 16 | 1 2 . 7 . . . . . . 1 1 1 3 Engine 15 | 1 2 . 6 . . . . . . 1 1 1 3 Core 1 | . . . 1 . . . . . . . . . . Reactor . | . . . . . . . . . . . . . . Propulsion 31 | 2 3 . 5 . . 1 2 . . 5 6 . 7 Treads 23 | 2 2 . 4 . . 1 2 . . 4 5 . 3 Leg 4 | . . . . . . . . . . 1 1 . 2 Wheel 4 | . 1 . 1 . . . . . . . . . 2 Hover . | . . . . . . . . . . . . . . Flight . | . . . . . . . . . . . . . . Utility 51 | 1 2 . 4 1 . . 2 2 . . 14 3 22 Device 31 | . . . 2 1 . . 1 2 . . 11 1 13 Storage 5 | 1 1 . 2 . . . . . . . 1 . . Processor 6 | . 1 . . . . . . . . . 2 1 2 Hackware 7 | . . . . . . . 1 . . . . 1 5 Protection 2 | . . . . . . . . . . . . . 2 Artifact . | . . . . . . . . . . . . . . Weapon 116 | 2 3 . 21 1 . 1 3 12 1 13 13 11 35 Energy Gun 6 | 1 2 . 3 . . . . . . . . . . Energy Cannon 27 | . . . 4 1 . . . 5 . 5 5 2 5 Ballistic Gun 29 | 1 . . 3 . . 1 . 3 . 3 2 5 11 Ballistic Cannon 29 | . 1 . 10 . . . 2 2 . 4 1 1 8 Launcher 2 | . . . 1 . . . . . . . 1 . . Special Weapon 6 | . . . . . . . . . . . . 1 5 Impact Weapon 17 | . . . . . . . 1 2 1 1 4 2 6 Slashing Weapon . | . . . . . . . . . . . . . . Piercing Weapon . | . . . . . . . . . . . . . . Special Melee Weapon . | . . . . . . . . . . . . . . Unidentified Prototypes 1 | . . . . . . . . . . . . . 1 Corrupted Parts 1 | . . . . . . . . . . . . . 1 System Corruption 8 | . . . . . . . . . . . . . 8 Parts Lost 46 | . 3 . 8 1 . . . 1 . 2 4 . 27 Power 4 | . 1 . 1 . . . . . . . . . 2 Propulsion 15 | . 1 . 2 . . . . . . 1 2 . 9 Utility 8 | . . . . . . . . . . . 1 . 7 Weapon 19 | . 1 . 5 1 . . . 1 . 1 1 . 9 Highest Loss Streak 12 | . 3 . 3 1 . . . 1 . 1 2 . 12 To Critical Strikes 2 | . . . . . . . . 1 . 1 . . . Average Slot Usage (%) 96 | . 94 100 97 98 100 100 100 100 100 94 96 98 88 Engine 9 | . 11 14 10 11 11 11 9 9 9 8 7 7 5 Treads 22 | . 18 14 17 22 22 22 36 36 36 27 25 30 18 Wheel 2 | . 9 14 4 . . . . . . . . . . Device 10 | . . . 6 11 11 11 6 9 9 9 22 22 13 Storage 9 | . 14 14 11 11 11 11 9 9 9 9 7 7 5 Processor 2 | . 10 14 4 . . . . . . . . . . Energy Gun 3 | . 15 28 4 . . . . . . . . . . Energy Cannon 2 | . . . . 1 11 3 . 4 7 5 3 2 2 Ballistic Gun 6 | . 8 . 1 . . 7 7 5 9 7 9 16 13 Ballistic Cannon 21 | . 3 . 33 40 33 33 27 22 18 17 13 5 14 Impact Weapon 1 | . . . . . . . 1 3 1 3 2 2 3 Peak Build Rating 62 | 6 12 12 29 27 29 29 36 40 37 39 49 47 62 Average Rating 31 | 5 9 12 23 26 28 29 35 34 36 33 43 44 52 On Entrance 26 | . 6 12 12 27 27 29 29 34 37 36 33 46 47 Naked Turns . | . . . . . . . . . . . . . . Heaviest Build 115 | 13 91 91 115 73 73 73 70 77 68 75 82 79 112 Greatest Support 82 | 40 40 16 40 40 40 40 80 80 80 80 82 82 82 Greatest Overweight (x) 8 | . 5 5 7 1 1 1 . . . 3 1 . 8 Average Overweight (x) 1 | . 3 5 3 1 1 1 . . . . . . 1 Largest Inventory Capacity 25 | 8 25 25 25 20 20 20 20 20 20 20 20 20 20 Average Capacity 20 | 7 20 25 23 20 20 20 20 20 20 20 20 20 19 Most Carried 25 | 3 25 25 25 20 20 20 20 20 20 20 20 20 20 Average Carried 19 | . 15 25 23 19 19 19 19 18 19 19 19 19 18 Final Capacity 25 | 8 25 25 20 20 20 20 20 20 20 20 20 20 5 Final Carried 25 | 3 25 25 20 20 20 20 19 20 20 20 20 20 5 Class Distribution -------------------- 33% | Gunner 19% | Skirmisher 16% | Mutant 7% | Scavenger-Gunner 7% | Tank 6% | Scavenger-Executioner Dominant Class ---------------- Mutant | -10/Materials Mutant | -10/Mines Gunner | -9/Materials Gunner | -9/Mines Gunner | -9/Exiles Skirmisher | -8/Mines Skirmisher | -8/Materials Skirmisher | -8/Garrison Skirmisher | -8/Materials Skirmisher | -8/Garrison Tank | -7/Factory Scavenger-Gunner | -7/Garrison Scavenger-Executioner | -6/Factory Resources | -11 -10 -10 -9 -9 -9 -8 -8 -8 -8 -8 -7 -7 -6 ----------- Run | Yrd Mat Min Mat Min Exi Min Mat Gar Mat Gar Fac Gar Fac Matter Collected 7666 | 270 531 . 1883 463 37 190 . 600 . 367 715 660 1950 Remotely . | . . . . . . . . . . . . . . Salvage Created 6924 | 93 550 53 2052 268 . 232 . 548 . 466 699 579 1384 Parts 381 | 13 40 7 141 26 . 8 . 49 . 23 31 18 25 Haulers Intercepted 6 | . 1 . 4 . . . . . . . . . 1 Recyclers Shooed 7 | 1 . . 1 1 . . . . . . 1 . 3 Parts Field Recycled . | . . . . . . . . . . . . . . Retrieved Matter . | . . . . . . . . . . . . . . Parts Self-Destructed . | . . . . . . . . . . . . . . Prevented . | . . . . . . . . . . . . . . Kills | -11 -10 -10 -9 -9 -9 -8 -8 -8 -8 -8 -7 -7 -6 ------- Run | Yrd Mat Min Mat Min Exi Min Mat Gar Mat Gar Fac Gar Fac Combat Hostiles Destroyed 182 | . 14 3 54 10 . 6 . 23 . 15 17 13 27 Melee 1 | . . . . . . . . . . . . . 1 Guns 44 | . 12 3 10 . . 2 . 1 . 3 3 4 6 Cannons 126 | . . . 39 10 . 4 . 22 . 12 13 8 18 AOE 8 | . 2 . 4 . . . . . . . 1 . 1 Classes Destroyed 16 | 1 5 . 6 . . . . 2 . 1 1 . . Worker 8 | . . . 5 1 . . . . . . . . 2 Builder 12 | . 2 . 5 2 . . . . . . 1 . 2 Tunneler 5 | 4 . . 1 . . . . . . . . . . Hauler 6 | . 1 . 4 . . . . . . . . . 1 Recycler 11 | . . . 4 3 . 1 . . . . . . 3 Operator 1 | . . . 1 . . . . . . . . . . Watcher 6 | . 3 . 1 . . . . . . . 2 . . Swarmer 63 | . 8 3 7 10 . 3 . 14 . 4 3 7 4 Saboteur 2 | . . . . . . . . . . 1 . . 1 Grunt 75 | . 6 . 31 . . 3 . 5 . 4 5 5 16 Brawler 6 | . . . 3 . . . . . . 1 . . 2 Duelist 2 | . . . . . . . . 1 . . . . 1 Protector 4 | . . . 4 . . . . . . . . . . Sentry 16 | . . . 9 . . . . 1 . 1 3 1 1 Hunter 8 | . . . . . . . . 2 . 4 2 . . Programmer 6 | . . . . . . . . . . . 4 . 2 Best Kill Streak 12 | 3 7 2 12 5 . 4 . 7 . 4 3 4 5 Combat Bots Only 10 | . 5 2 10 4 . 3 . 7 . 4 3 4 4 Max Kills in Single Turn 3 | 1 2 1 3 2 . 2 . 1 . 1 1 1 2 Gunslinging 1 | . 1 . . . . . . . . . . . . Exploded 2 | . 1 . 2 . . . . . . . 1 . 1 Melee 1 | . . . . . . . . . . . . . 1 Uniques/NPCs Destroyed . | . . . . . . . . . . . . . . Combat | -11 -10 -10 -9 -9 -9 -8 -8 -8 -8 -8 -7 -7 -6 -------- Run | Yrd Mat Min Mat Min Exi Min Mat Gar Mat Gar Fac Gar Fac Hostile Shots Fired 1062 | . 79 24 166 80 . 21 5 63 . 66 151 30 377 Missed 313 | . 28 10 44 26 . 7 . 13 . 20 61 5 99 Damage Taken 9354 | . 544 111 1554 448 . 162 57 718 . 568 792 273 4127 Core 1473 | . 107 18 146 54 . . . 127 . 78 74 12 857 Absorbed by Shields 1351 | . . . . . . . 23 . . 40 231 103 954 Ignored by Resistances 115 | . . . . . . . . . . . . . 115 Regen/Repaired (Parts) 386 | . . . . . . . . . . . 273 . 113 Core Remaining (%) 69 | 100 . 50 . . . 50 . . . 62 . 87 . Volleys Fired 509 | 10 51 10 102 26 . 12 . 55 . 43 57 55 88 Largest 6 | 2 2 2 4 4 . 4 . 4 . 4 4 4 6 Hottest 252 | 60 90 90 252 195 . 195 . 166 . 166 149 122 216 Shots Fired 1312 | 20 91 20 342 98 . 48 . 117 . 102 122 91 261 Gun 442 | 20 90 20 66 . . 8 . 18 . 20 36 55 109 Cannon 854 | . 1 . 272 98 . 40 . 99 . 82 86 32 144 Launcher 4 | . . . 4 . . . . . . . . . . Special 12 | . . . . . . . . . . . . 4 8 Kinetic 1032 | 10 43 . 274 96 . 44 . 86 . 69 92 74 244 Thermal 89 | . . . . . . . . 21 . 16 30 13 9 Explosive 4 | . . . 4 . . . . . . . . . . Electromagnetic 175 | 10 48 20 64 2 . 4 . 10 . 17 . . . Robot Hit Streak 20 | 5 8 8 18 4 . 8 . 11 . 9 14 11 20 Robot Miss Streak 16 | 2 6 5 16 7 . 5 . 2 . 3 5 7 4 Penetration Max 1 | . . . . . . . . . . . . . 1 Secondary Targets 4 | . 3 . 1 . . . . . . . . . . Max Gunslinging Chain 1 | . 1 . 1 . . . . . . . . . . Shots Hit Robots 712 | 15 49 8 195 32 . 25 . 45 . 52 74 58 159 Core Hits 378 | 7 25 3 142 16 . 10 . 32 . 21 29 30 63 Critical Kills . | . . . . . . . . . . . . . . Critical Parts Destroyed . | . . . . . . . . . . . . . . Critical Strikes 28 | . . . 7 . . 2 . 2 . 1 4 2 10 Blast 26 | . . . 5 . . 2 . 2 . 1 4 2 10 Corrupt 2 | . . . 2 . . . . . . . . . . Melee Attacks 68 | . . . . . . . 1 25 1 7 9 4 21 Impact 68 | . . . . . . . 1 25 1 7 9 4 21 Slashing . | . . . . . . . . . . . . . . Piercing . | . . . . . . . . . . . . . . Sneak Attacks 3 | . . . . . . . . . . . . . 3 Combat Hostiles . | . . . . . . . . . . . . . . Follow-up Attacks . | . . . . . . . . . . . . . . Damage Inflicted 18711 | 203 741 138 4204 981 . 656 . 1513 . 1557 2469 1319 4930 Guns 4313 | 181 585 138 633 . . 92 . 135 . 136 343 525 1545 Cannons 13215 | . 15 . 3243 981 . 564 . 1378 . 1313 2027 794 2900 Explosions 698 | 22 141 . 328 . . . . . . 108 99 . . Melee 485 | . . . . . . . . . . . . . 485 Ramming . | . . . . . . . . . . . . . . Kinetic 12854 | 61 213 . 3250 981 . 614 . 670 . 682 1195 845 4343 Thermal 3213 | 22 141 . 64 . . . . 645 . 491 1274 474 102 Explosive 264 | . . . 264 . . . . . . . . . . Electromagnetic 1895 | 120 387 138 626 . . 42 . 198 . 384 . . . Impact 485 | . . . . . . . . . . . . . 485 Slashing . | . . . . . . . . . . . . . . Piercing . | . . . . . . . . . . . . . . Highest Corruption 8 | . . . . . . . . . . 1 1 1 8 Average Corruption 1 | . . . . . . . . . . 1 1 1 7 Corruption Purged 3 | . . . . . . . . . . . 1 . 2 Corruption Blocked . | . . . . . . . . . . . . . . Effects 19 | . . . . . . . . . . 5 6 6 2 Message Errors 4 | . . . . . . . . . . . 1 1 2 Matter Fused 2 | . . . . . . . . . . . 1 1 . Heat Flow Errors 4 | . . . . . . . . . . 2 1 1 . Energy Discharges 5 | . . . . . . . . . . 2 1 2 . Data Loss (minor) 2 | . . . . . . . . . . . 1 1 . Data Loss (major) 1 | . . . . . . . . . . 1 . . . Misfires 1 | . . . . . . . . . . . 1 . . Overload Shots . | . . . . . . . . . . . . . . Overflow Damage 437 | . 16 . 17 26 . 16 . . . . 103 6 253 Projectiles 211 | . . . 13 26 . 16 . . . . 103 6 47 Explosions 20 | . 16 . 4 . . . . . . . . . . Melee 206 | . . . . . . . . . . . . . 206 Knockbacks 94 | . . . 32 10 . 7 . 2 . 5 4 5 29 Impact . | . . . . . . . . . . . . . . Kinetic 87 | . . . 31 9 . 7 . 2 . 5 4 3 26 Secondary 7 | . . . 1 1 . . . . . . . 2 3 Self-Inflicted Damage 123 | . 4 . 45 . . . . . . . 74 . . Shots 4 | . 1 . 2 . . . . . . . 1 . . Rammed . | . . . . . . . . . . . . . . Targets Rammed . | . . . . . . . . . . . . . . Kicked . | . . . . . . . . . . . . . . Crushed . | . . . . . . . . . . . . . . Highest Temperature 431 | 40 108 90 431 234 . 247 . 244 . 228 128 191 281 Average Temperature 79 | 20 36 38 109 75 . 80 . 85 . 85 36 50 80 Received Heat Transfer 2364 | . 42 . 576 . . 81 30 63 . 109 96 42 1325 Effects 17 | . . . 16 . . . . . . 1 . . . Shutdowns 2 | . . . 2 . . . . . . . . . . Energy Bleed 2 | . . . 2 . . . . . . . . . . Interference 10 | . . . 9 . . . . . . 1 . . . Matter Decay 1 | . . . 1 . . . . . . . . . . Short Circuit 2 | . . . 2 . . . . . . . . . . Siege Activations . | . . . . . . . . . . . . . . Robots Corrupted 4 | . . . 1 . . . . . . . . . 3 Combat Hostiles 2 | . . . 1 . . . . . . . . . 1 Parts Fried 14 | . 3 1 2 . . . . 2 . 1 . . 5 Impact Corruptions 6 | . . . . . . . . . . . . . 6 Robots Melted 1 | . . . . . . . . . . . . 1 . Combat Hostiles 1 | . . . . . . . . . . . . 1 . Parts Melted 18 | . . . . . . . . 2 . 1 9 6 . Heat Transferred 6500 | 50 200 . 100 . . . . 1440 . 980 2450 1040 240 Parts Sabotaged 11 | . . . . . . . . . . 6 . . 5 Parts Stolen . | . . . . . . . . . . . . . . Parts Stripped . | . . . . . . . . . . . . . . Power Chain Reactions 7 | 1 3 . 2 . . . . . . 1 . . . Alert | -11 -10 -10 -9 -9 -9 -8 -8 -8 -8 -8 -7 -7 -6 ------- Run | Yrd Mat Min Mat Min Exi Min Mat Gar Mat Gar Fac Gar Fac Peak Influence 1149 | 20 434 147 1149 543 . 90 5 707 345 710 593 792 725 Initial 434 | . 13 42 . 434 . . . 5 344 224 372 396 415 Average 387 | 7 214 99 610 346 . 7 2 404 344 454 361 599 490 Maximum Alert Level 4 | . 2 . 4 2 . . . 3 1 3 2 3 3 Low Security (%) 22 | 100 54 100 4 17 . 100 100 23 . . . . . Level 1 30 | . 25 . 23 43 . . . 22 100 32 76 11 20 Level 2 38 | . 19 . 38 39 . . . 41 . 59 23 66 78 Level 3 6 | . . . 19 . . . . 12 . 7 . 22 . Level 4 2 | . . . 14 . . . . . . . . . . Level 5 . | . . . . . . . . . . . . . . High Security . | . . . . . . . . . . . . . . Max Security . | . . . . . . . . . . . . . . Sterilizations 1 | . . . 1 . . . . . . . . . . Squads Dispatched 36 | . 3 . 12 . . . 2 . . . 7 . 12 Investigation 12 | . 2 . 4 . . . 1 . . . 1 . 4 Extermination 6 | . . . . . . . . . . . 4 . 2 Reinforcement 10 | . 1 . 4 . . . 1 . . . 2 . 2 Assault 8 | . . . 4 . . . . . . . . . 4 Garrison . | . . . . . . . . . . . . . . Intercept . | . . . . . . . . . . . . . . Searches Triggered . | . . . . . . . . . . . . . . Construction Impeded 1 | . . . 1 . . . . . . . . . . Haulers Reinforced 1 | . . . . . . . . . . . . . 1 Active Scanning Responses . | . . . . . . . . . . . . . . Cargo Convoy Interrupts . | . . . . . . . . . . . . . . Stealth | -11 -10 -10 -9 -9 -9 -8 -8 -8 -8 -8 -7 -7 -6 --------- Run | Yrd Mat Min Mat Min Exi Min Mat Gar Mat Gar Fac Gar Fac Distress Signals 6 | . 2 1 3 . . . . . . . . . . Communications Jammed . | . . . . . . . . . . . . . . Distress Signals . | . . . . . . . . . . . . . . Times Spotted 256 | . 26 6 66 11 . 5 9 16 . 15 23 16 63 Peak Tracking Total 11 | . 5 3 7 4 . 3 9 8 . 4 3 4 11 Tactical Retreats 25 | . 3 2 9 . . 1 . 2 . . . 1 7 Traps | -11 -10 -10 -9 -9 -9 -8 -8 -8 -8 -8 -7 -7 -6 ------- Run | Yrd Mat Min Mat Min Exi Min Mat Gar Mat Gar Fac Gar Fac Traps Triggered 7 | . . . 1 . . . . . . 2 . . 4 Indirectly . | . . . . . . . . . . . . . . Trap Hack Attempts . | . . . . . . . . . . . . . . Triggered . | . . . . . . . . . . . . . . Disarmed . | . . . . . . . . . . . . . . Reprogrammed . | . . . . . . . . . . . . . . Reused . | . . . . . . . . . . . . . . Traps Extracted . | . . . . . . . . . . . . . . Installed . | . . . . . . . . . . . . . . Triggered . | . . . . . . . . . . . . . . Most Traps Carried 3 | . . . . 3 3 . . . . . . . . Machines | -11 -10 -10 -9 -9 -9 -8 -8 -8 -8 -8 -7 -7 -6 ---------- Run | Yrd Mat Min Mat Min Exi Min Mat Gar Mat Gar Fac Gar Fac Machines Disabled 21 | . 1 . 2 . . . . 3 . 3 5 2 5 Max in Single Turn 5 | . 1 . 1 . . . . 1 . 1 5 1 1 Garrison Access 1 | . . . . . . . . . . . . . 1 Garrison Relay 6 | . . . . . . . . 2 . 2 . 2 . Machines Repaired . | . . . . . . . . . . . . . . Machines Dismantled . | . . . . . . . . . . . . . . Machines Sabotaged . | . . . . . . . . . . . . . . Overloaded Fab Kills . | . . . . . . . . . . . . . . Hacking | -11 -10 -10 -9 -9 -9 -8 -8 -8 -8 -8 -7 -7 -6 --------- Run | Yrd Mat Min Mat Min Exi Min Mat Gar Mat Gar Fac Gar Fac Machines Accessed 45 | . 10 . 11 . 2 . 2 2 1 1 9 1 6 Terminals 25 | . 7 . 6 . . . 1 2 . 1 5 1 2 Fabricators 2 | . . . . . . . . . . . . . 2 Repair Stations 5 | . 1 . 1 . . . . . . . 2 . 1 Recycling Units 4 | . 2 . 2 . . . . . . . . . . Scanalyzers 3 | . . . 2 . . . . . . . 1 . . Garrison Access 4 | . . . . . . . 1 . 1 . 1 . 1 Total Hacks 124 | . 23 . 28 . 24 . 5 3 1 2 20 1 17 Successful 80 | . 17 . 15 . 24 . 2 2 1 1 9 . 9 Failed 44 | . 6 . 13 . . . 3 1 . 1 11 1 8 Catastrophic 8 | . 1 . 3 . . . . . . . 1 1 2 Database Lockouts . | . . . . . . . . . . . . . . Manual 31 | . 14 . 13 . 1 . 2 . . . . . 1 Terminals 66 | . 19 . 21 . . . 3 3 . 2 13 1 4 Fabricators 7 | . . . . . . . . . . . . . 7 Repair Stations 12 | . 1 . 2 . . . . . . . 5 . 4 Recycling Units 6 | . 3 . 3 . . . . . . . . . . Scanalyzers 3 | . . . 2 . . . . . . . 1 . . Garrison Access 6 | . . . . . . . 2 . 1 . 1 . 2 Terminal Hacks 48 | . 7 . 7 . 24 . 1 2 . 1 5 . 1 Record 26 | . 1 . 1 . 23 . . . . . 1 . . Part Schematic 1 | . . . . . . . . . . . . . 1 Robot Analysis 1 | . . . 1 . . . . . . . . . . Prototype ID Bank 6 | . 2 . 2 . . . 1 . . . 1 . . Emergency Access Points 3 | . 1 . . . . . . 1 . 1 . . . Unreport Threat 1 | . 1 . . . . . . . . . . . . Locate Traps 1 | . . . . . . . . . . . 1 . . Dispatch Records 1 | . . . 1 . . . . . . . . . . Transport Status 1 | . 1 . . . . . . . . . . . . Hauler Manifests 1 | . . . 1 . . . . . . . . . . Registered Prototypes 1 | . 1 . . . . . . . . . . . . Zone Layout 3 | . . . 1 . . . . . . . 2 . . Security Stations 1 | . . . . . . . . 1 . . . . . Derelict Proto ID Bank 1 | . . . . . 1 . . . . . . . . Fabricator Hacks 3 | . . . . . . . . . . . . . 3 Network Status 1 | . . . . . . . . . . . . . 1 Load Schematic 1 | . . . . . . . . . . . . . 1 Build 1 | . . . . . . . . . . . . . 1 Repair Station Hacks 8 | . 1 . 1 . . . . . . . 3 . 3 Scan Component 5 | . . . 1 . . . . . . . 2 . 2 Repair 2 | . . . . . . . . . . . 1 . 1 Refit 1 | . 1 . . . . . . . . . . . . Recycling Unit Hacks . | . . . . . . . . . . . . . . Scanalyzer . | . . . . . . . . . . . . . . Garrison Access Hacks 5 | . . . . . . . 1 . 1 . 1 . 2 Unlock Access 3 | . . . . . . . 1 . 1 . 1 . . Seal Access 1 | . . . . . . . . . . . . . 1 Coupler Status 1 | . . . . . . . . . . . . . 1 Unauthorized Hacks 16 | . 9 . 7 . . . . . . . . . . Terminals 12 | . 7 . 5 . . . . . . . . . . Assimilate 1 | . 1 . . . . . . . . . . . . Skim 11 | . 6 . 5 . . . . . . . . . . Fabricators . | . . . . . . . . . . . . . . Repair Stations . | . . . . . . . . . . . . . . Recycling Units 4 | . 2 . 2 . . . . . . . . . . Tunnel 4 | . 2 . 2 . . . . . . . . . . Scanalyzers . | . . . . . . . . . . . . . . Garrison Access . | . . . . . . . . . . . . . . Data Cores Recovered . | . . . . . . . . . . . . . . Used . | . . . . . . . . . . . . . . Hacking Detections 39 | . 8 . 9 . . . 2 2 1 1 9 1 6 Full Trace Events 7 | . 1 . 1 . . . 1 . . . 1 . 3 Feedback Events . | . . . . . . . . . . . . . . Feedback Blocked . | . . . . . . . . . . . . . . Robot Schematics Acquired . | . . . . . . . . . . . . . . Robots Built . | . . . . . . . . . . . . . . Authchips . | . . . . . . . . . . . . . . Time . | . . . . . . . . . . . . . . Total Robot Build Rating . | . . . . . . . . . . . . . . Part Schematics Acquired 1 | . . . . . . . . . . . . . 1 Parts Built . | . . . . . . . . . . . . . . Authchips . | . . . . . . . . . . . . . . Time 58 | . . . . . . . . . . . . . 58 Total Part Build Rating . | . . . . . . . . . . . . . . Parts Repaired 2 | . . . . . . . . . . . 1 . 1 Time 25 | . . . . . . . . . . . 12 . 13 Parts Recycled . | . . . . . . . . . . . . . . Recycled Matter . | . . . . . . . . . . . . . . Retrieved Matter . | . . . . . . . . . . . . . . Retrieved Components . | . . . . . . . . . . . . . . Parts Scanalyzed . | . . . . . . . . . . . . . . Part Schematics Acquired . | . . . . . . . . . . . . . . Parts Damaged . | . . . . . . . . . . . . . . Bothacking | -11 -10 -10 -9 -9 -9 -8 -8 -8 -8 -8 -7 -7 -6 ------------ Run | Yrd Mat Min Mat Min Exi Min Mat Gar Mat Gar Fac Gar Fac Used RIF Installer 3 | . . . . . . . . 1 . 1 . 1 . Hotswap 1 | . . . . . . . . . . . . 1 . Program Shield 1 | . . . . . . . . . . 1 . . . Robots Hacked 6 | . . . . . . . . . . . . 2 4 Non-combat . | . . . . . . . . . . . . . . Combat 6 | . . . . . . . . . . . . 2 4 Robot Hacks Applied 6 | . . . . . . . . . . . . 2 4 streamctrl_high 1 | . . . . . . . . . . . . . 1 formatsys_high 5 | . . . . . . . . . . . . 2 3 Relay Couplers Released 25 | . . . . . . . . 10 . 8 . 7 . Machine Destruction 25 | . . . . . . . . 10 . 8 . 7 . Attached 5 | . . . . . . . . . . . . 1 4 Fabnet Peak Effective % . | . . . . . . . . . . . . . . Robots Rewired 3 | . . . . . . . . 3 . . . . . Allies Hacked . | . . . . . . . . . . . . . . Hacks Repelled . | . . . . . . . . . . . . . . Allies | -11 -10 -10 -9 -9 -9 -8 -8 -8 -8 -8 -7 -7 -6 -------- Run | Yrd Mat Min Mat Min Exi Min Mat Gar Mat Gar Fac Gar Fac Total Allies 12 | . . . . 3 . . . 3 . . . 2 4 Largest Group 3 | . . . . 3 2 . . 3 . . . 2 2 Highest-Rated Group 82 | . . . . 76 45 . . 30 . . . 32 82 Highest-Rated Ally 41 | . . . . 31 31 . . 10 . . . 16 41 Total Orders . | . . . . . . . . . . . . . . Ally Attacks 32 | . . . . . . . . 2 . . . 12 18 Total Damage 830 | . . . . . . . . 59 . . . 130 641 Kills 6 | . . . . . . . . 1 . . . . 5 Allies Corrupted 1 | . . . . . . . . . . . . . 1 Allies Melted . | . . . . . . . . . . . . . . Intel | -11 -10 -10 -9 -9 -9 -8 -8 -8 -8 -8 -7 -7 -6 ------- Run | Yrd Mat Min Mat Min Exi Min Mat Gar Mat Gar Fac Gar Fac Robot Analysis Total 1 | . . . 1 . . . . . . . . . . Derelict Logs Recovered 1 | . . . . 1 . . . . . . . . . Drone Launches . | . . . . . . . . . . . . . . Drone Recoveries . | . . . . . . . . . . . . . . Exploration | -11 -10 -10 -9 -9 -9 -8 -8 -8 -8 -8 -7 -7 -6 ------------- Run | Yrd Mat Min Mat Min Exi Min Mat Gar Mat Gar Fac Gar Fac Turns Passed 16729 | 137 1891 502 3056 1814 587 1192 79 1198 137 992 2130 645 2369 Spaces Moved 6499 | 58 876 268 1031 665 234 455 36 503 75 365 843 286 804 Core 92 | 5 . . . . . . . . . . . . 87 Treads 4935 | 53 270 . 490 665 234 455 36 503 75 365 843 286 660 Legs 3 | . . . . . . . . . . . . . 3 Wheels 1469 | . 606 268 541 . . . . . . . . . 54 Hover . | . . . . . . . . . . . . . . Flight . | . . . . . . . . . . . . . . Fastest Speed 50 | 50 160 175 175 250 250 250 170 170 170 170 158 158 50 Average Speed 211 | 150 170 175 238 250 250 250 170 170 170 223 206 158 226 Slowest Speed 480 | 160 175 175 330 250 250 250 170 170 170 410 250 158 480 Overloaded Moves . | . . . . . . . . . . . . . . Propulsion Burnouts . | . . . . . . . . . . . . . . Robots Hopped . | . . . . . . . . . . . . . . Cave-ins Triggered . | . . . . . . . . . . . . . . Exploration Rate (%) 49 | 5 98 44 86 98 61 90 8 53 9 44 21 46 31 Regions Visited 13 Branch Regions 4 Pre-discovered Areas 10 | . 4 . 5 . 1 . . . . . . . . Known Exits Taken 6 | . . 1 1 . . 1 1 . 1 . 1 . . Unknown Exits Taken 4 | 1 1 . . 1 1 . . . . . . . . Scrap Searched 3 | . . 1 . 1 . 1 . . . . . . . Spaces Dug 38 | . . . . . . . 1 14 1 3 7 . 12 Terrain Destroyed 252 | 2 15 . 72 32 . 10 1 14 1 7 47 . 51 Melee 37 | . . . . . . . 1 14 1 3 7 . 11 Projectile 125 | . . . 36 32 . 10 . . . . 7 . 40 AOE 90 | 2 15 . 36 . . . . . . 4 33 . . Terrain Rammed . | . . . . . . . . . . . . . . Walls Destroyed . | . . . . . . . . . . . . . . Machines Disabled . | . . . . . . . . . . . . . . Actions | -11 -10 -10 -9 -9 -9 -8 -8 -8 -8 -8 -7 -7 -6 --------- Run | Yrd Mat Min Mat Min Exi Min Mat Gar Mat Gar Fac Gar Fac Total 8389 | 87 1194 281 1406 755 239 483 50 709 83 452 1118 399 1133 Wait 803 | 11 219 4 167 58 . 12 2 40 . 11 146 23 110 Move 6488 | 57 875 267 1030 664 233 454 36 502 75 363 843 285 804 Hop . | . . . . . . . . . . . . . . Pick Up 107 | 3 30 . 25 3 3 1 2 5 3 1 10 6 15 Fast Attach 75 | 6 3 . 17 . . . 1 1 . 12 12 5 18 Attach 51 | . 1 . 9 1 . . 3 4 . 1 4 3 25 Detach 13 | . . . 4 . . . . 1 . 1 . 1 6 Swap 88 | . 6 . 11 1 . 2 3 9 1 6 18 7 24 Drop 122 | . 9 . 41 2 3 2 2 4 3 5 19 10 22 Fire 509 | 10 51 10 102 26 . 12 . 55 . 43 57 55 88 Melee 68 | . . . . . . . 1 25 1 7 9 4 21 Ram . | . . . . . . . . . . . . . . Kick . | . . . . . . . . . . . . . . Crush . | . . . . . . . . . . . . . . Escape Stasis 2 | . . . . . . . . . . 2 . . . Rewire 63 | . . . . . . . . 63 . . . . . Trap . | . . . . . . . . . . . . . . Miscellaneous . | . . . . . . . . . . . . . . Route ------- -11/Scrapyard -10/Materials (discovered 5 exits: *Mat x3 / [*Min] / Sub) -10/Mines (discovered 2 exits: *Mat x2) -9/Materials (discovered 5 exits: *Mat x3 / *Min x2) -9/Mines (discovered 4 exits: *Mat x2 / *Exi / [*Zio]) -9/Exiles -8/Mines (discovered 2 exits: *Mat x2) -8/Materials -8/Garrison -8/Materials -8/Garrison -7/Factory (discovered 2 exits: [*Low] / Gar) -7/Garrison -6/Factory (discovered 1 exit: [*Fac]) History --------- Turn | Location | Event 9 | -11/Scrapyard | Discovered new exit (range 16) 138 | -11/Scrapyard | Entered Materials 310 | -10/Materials | Build established: Mutant 506 | -10/Materials | Discovered new exit (range 13) 638 | -10/Materials | Derelicts attacked the area 745 | -10/Materials | Discovered new exit (range 6) 904 | -10/Materials | Lost 3 parts (1p1n1w) 1035 | -10/Materials | Discovered new exit (range 10) 1407 | -10/Materials | Discovered new exit (range 9) 1608 | -10/Materials | Learned 4 Recycling zone layouts 1713 | -10/Materials | Learned Storage terminal intel 1753 | -10/Materials | Learned Storage emergency access door positions 1805 | -10/Materials | Learned 2 Mines zone layouts 1815 | -10/Materials | Identified exit to Subcaves 1867 | -10/Materials | Learned 4 Subcaves zone layouts 1909 | -10/Materials | Learned 2 Mines zone layouts 2029 | -10/Materials | Entered Mines 2030 | -10/Mines | Identified exit to Materials 2057 | -10/Mines | Met a Derelict bent on vengeance 2210 | -10/Mines | Discovered exit to Materials (range 4) 2363 | -10/Mines | Assembled infested the area 2531 | -10/Mines | Entered Materials 2531 | -9/Materials | Evolved 2 slots: Weapon x2 2587 | -9/Materials | Discovered new exit (range 9) 2745 | -9/Materials | Destroyed 8 combat bots 2847 | -9/Materials | Build established: Gunner 2947 | -9/Materials | Discovered new exit (range 15) 3006 | -9/Materials | Lost 3 parts (1p2w) 3938 | -9/Materials | Discovered new exit (range 14) 4131 | -9/Materials | First assault squad dispatched 4768 | -9/Materials | Learned Storage garrison access intel 4816 | -9/Materials | Learned location of Zion (-7) 4879 | -9/Materials | Learned location of 1 exit from Recycling 4898 | -9/Materials | Learned location of 1 exit from Storage 4905 | -9/Materials | Identified exit to Materials 4905 | -9/Materials | Identified exit to Mines 4923 | -9/Materials | Loaded intel: 2 trap records 5020 | -9/Materials | Destroyed 10 combat bots 5040 | -9/Materials | Sterilization system engaged 5040 | -9/Materials | Non-combat units ordered to evacuate 5140 | -9/Materials | Combat units ordered to evacuate 5340 | -9/Materials | Ambient heat levels rising (+10) 5490 | -9/Materials | Ambient heat levels rising (+10) 5587 | -9/Materials | Entered Mines 5816 | -9/Mines | Discovered exit to Materials (range 10) 6053 | -9/Mines | Discovered exit to Materials (range 6) 6293 | -9/Mines | Deemed a non-threat by the Exiles lab entrance 6293 | -9/Mines | Discovered new exit (range 5) 6447 | -9/Mines | A Derelict revealed a hidden shortcut to a safe place 6953 | -9/Mines | Learned 4 Materials zone layouts 6969 | -9/Mines | Received a Mining Laser from a helpful Derelict 7108 | -9/Mines | Found a hidden stash of uninstalled traps 7401 | -9/Mines | Entered Exiles 7401 | -9/Exiles | Accompanied by 2 allies 7431 | -9/Exiles | Led the pair of lost Derelicts to a safe place 7464 | -9/Exiles | Met 8R-AWN 7501 | -9/Exiles | Met EX-HEX 7581 | -9/Exiles | Met EX-BIN 7611 | -9/Exiles | Aligned with FarCom system 7614 | -9/Exiles | Given EX-Vault access code 7671 | -9/Exiles | Opened EX-Vault 7685 | -9/Exiles | Found Gui. Plasma Cannon 7689 | -9/Exiles | Found Superbattery 7695 | -9/Exiles | Found Skeleton Box 7748 | -9/Exiles | Warned to stay clear of 0b10 Research branches 7826 | -9/Exiles | Met EX-DEC 7966 | -9/Exiles | Discovered new exit (range 10) 7988 | -9/Exiles | Stole three prototypes: Superbattery, Skeleton Box, Gui. Plasma Cannon 7988 | -9/Exiles | Entered Mines 8086 | -8/Mines | Discovered exit to Materials (range 9) 8274 | -8/Mines | Build established: Skirmisher 8440 | -8/Mines | Discovered exit to Materials (range 5) 9180 | -8/Mines | Entered Materials 9180 | -8/Materials | Evolved 2 slots: Propulsion x2 9259 | -8/Materials | Identified exit to Garrison 9259 | -8/Materials | Entered Garrison 9460 | -8/Garrison | Triggered checkpoint 9506 | -8/Garrison | Destroyed 7 combat bots 9543 | -8/Garrison | Garrison Relay disabled 9775 | -8/Garrison | Triggered checkpoint 9789 | -8/Garrison | Triggered checkpoint 9828 | -8/Garrison | Lost 3 allies 9916 | -8/Garrison | Triggered checkpoint 9964 | -8/Garrison | Garrison Relay disabled 10122 | -8/Garrison | Discovered new exit (range 12) 10203 | -8/Garrison | Triggered checkpoint 10262 | -8/Garrison | Learned Materials security intel 10332 | -8/Garrison | Installed Relay Interface Framework 10457 | -8/Garrison | Entered Materials 10594 | -8/Materials | Identified exit to Garrison 10594 | -8/Materials | Entered Garrison 10652 | -8/Garrison | Triggered checkpoint 10750 | -8/Garrison | Garrison Relay disabled 10888 | -8/Garrison | Triggered checkpoint 10965 | -8/Garrison | Triggered checkpoint 11036 | -8/Garrison | Triggered checkpoint 11208 | -8/Garrison | Discovered new exit (range 5) 11300 | -8/Garrison | Expanded RIF knowledge: Program Shield 11510 | -8/Garrison | Garrison Relay disabled 11586 | -8/Garrison | Entered Factory 11586 | -7/Factory | Evolved 2 slots: Utility x2 11588 | -7/Factory | FarCom data flow suspended 11883 | -7/Factory | Build established: Scavenger-Gunner 11931 | -7/Factory | Repaired Arm. Treads 12546 | -7/Factory | Build established: Tank 12656 | -7/Factory | Discovered new exit (range 14) 13716 | -7/Factory | Identified exit to Garrison 13716 | -7/Factory | Entered Garrison 13841 | -7/Garrison | Build established: Scavenger-Gunner 13846 | -7/Garrison | Triggered checkpoint 13893 | -7/Garrison | Garrison Relay disabled 14076 | -7/Garrison | Triggered checkpoint 14078 | -7/Garrison | Triggered checkpoint 14162 | -7/Garrison | Expanded RIF knowledge: Hotswap 14192 | -7/Garrison | Triggered checkpoint 14278 | -7/Garrison | Garrison Relay disabled 14320 | -7/Garrison | Discovered new exit (range 14) 14361 | -7/Garrison | Entered Factory 14361 | -6/Factory | Evolved 2 slots: Weapon x2 14416 | -6/Factory | Gui. Plasma Cannon suddenly broke down 14632 | -6/Factory | Gui. Plasma Cannon suddenly broke down 15274 | -6/Factory | Discovered new exit (range 5) 15412 | -6/Factory | Build established: Scavenger-Executioner 15548 | -6/Factory | P-60 Hacker assimilated allied Guardian 5a 15761 | -6/Factory | First assault squad dispatched 16191 | -6/Factory | Repaired Lgt. Treads 16368 | -6/Factory | Lost 8 parts (1p3n1u3w) 16411 | -6/Factory | Gui. Plasma Cannon suddenly broke down 16613 | -6/Factory | Core integrity fell below 50% 16667 | -6/Factory | Lost 12 parts (1p3n4u4w) 16679 | -6/Factory | Core integrity fell below 20% 16725 | -6/Factory | Lost 3 parts (2u1w) 16730 | -6/Factory | Destroyed by S-27 Virus with Autogun Last Messages --------------- Querying network status... 6 records found: (159,87) - Loaded: Y-54 Guardian (160,158) - Loaded: M-22 Extractor (97,176) - Idle (165,62) - Idle (180,112) - Idle (53,79) - Idle >>Load(Imp. Heavy Treads) Uploading Imp. Heavy Treads schematic... Loaded successfully: Imp. Heavy Treads Rating: 7 Time: 58 Initiate build sequence. >>Build Building Imp. Heavy Treads... ETC: 58 16722_ ALERT: Unauthorized use of fabrication network. Dispatching investigation squad. 16726_ U-05 Engineer destroyed. Map ----- +----------------------------------------------------+ | ##?# # ## # ####+##+## | | ##?# #??????####%#### #? | | #########???? #??????## ## #? | | ################## #??????##% %%## #? | | ##?????# # #??????## " %% #? | | ##?????# """ + + ## %## #? | | ##?????#* """ # ######### ## #? | | ##?????# """ ## #### #### ### #? | | ##?????#[ ??# #??# "% ###+##### | | ##?????# ??# #??# + ! | | ##?????#####???# #??# # ! | | ##?????????????# #??# % # % | | ##?????????????# #??# # """"""" | | ##?????????????# #??# # """"""" | | ##???????#######/#### *# """"""" | | ##???????# ######## % # """"""" | | #####???????# #?????## ! *# | | #####???????# #?????## ########!########## | | ????????????# #??????#+######## ####?????? | | ????????????# "" "" #????? ####### ### ?????? | | ????????????# ""F"" #?????"" #######/### ?????? | | ????????????# """ #????""" ## =/ # ?????? | | ????????????# #????""" ##^!%! # ?????? | | ??????????#######+######## ##=% [ # ?????? | | ??????# s!%! # ## | # ?????? | | ??????# s s ! @ ########### ?????? | | ??????# s t # "" # # ?????? | | ??????# ###+############% "" #"" ?????????????? | | ??????#???????????????????? T" #"" ????????????? | | ??????????????????????????? "" #G ????????????? | | ???????????????????????????? "" #"" ???????????? | | ???????????????????????????? #"" ???????????? | | ?????????????????????????????#### ??????????? | | ??????????????????????????????????? ??????????? | | ???????????????????????????????????###+#?????????? | | ?????????????????????????????????????????????????? | | ?????????????????????????????????????????????????? | | ?????????????????????????????????????????????????? | | ?????????????????????????????????????????????????? | | ?????????????????????????????????????????????????? | | ?????????????????????????????????????????????????? | | ?????????????????????????????????????????????????? | | ?????????????????????????????????????????????????? | | ?????????????????????????????????????????????????? | | ?????????????????????????????????????????????????? | | ?????????????????????????????????????????????????? | | ?????????????????????????????????????????????????? | | ?????????????????????????????????????????????????? | | ?????????????????????????????????????????????????? | | ?????????????????????????????????????????????????? | +----------------------------------------------------+ Best States ------------- Heat Dissipation 64 Energy Generation 23 Energy Capacity 300 Matter Stores 300 Matter Capacity 300 Sight Range 16 Terrain Scan Density 10 Armor Coverage 225 Resistance: KI 30 Evasion (%) 50 Targeting Accuracy 8 Core Analysis 6 Recoil Reduction 4 Kinecelleration 30 Offensive Hacking 10 Defensive Hacking 12 Relay Coupler Types 2 Relay Coupler Value 36 Authchip Count 3 Item Schematics ----------------- Imp. Heavy Treads | -6/Factory | Hacked Robot Schematics ------------------ None Fabricated ------------ Nothing Alien Tech Used ----------------- None Achievements -------------- None Challenges ------------ None Game ------ Seed HypercooledLegDiverter Manual? 0 Play Time 01:53:09 Cumulative 85.5 hours Start 2024.09.14 @ 02:55:50 End 2024.09.14 @ 04:48:27 Sessions 1 Manual Loads 0 Difficulty Rogue Special Mode None Game No. 48 Rogue 48 Adventurer 0 Explorer 0 Win Type - Total 0 Types 0/0/0/0/0/0/0/0/0 Lore% 44 Gallery% 60 Achievement% 51 Wizard Run 0 Options --------- Layout 0 ASCII 0 Keyboard 0 Movement Mouse Keybinds 0 Fullscreen 1 Font 24/Smallcaps Map View 183x50 Zoom Use 0% Tactical HUD 1 Map Filters NONE Filters NONE Steam 0 RUN: 3a407e90-e4f0-4900-9706-8364166dfa79